 Dungeon Crawl Stone Soup version 0.14.1-24-gbdbe590 (webtiles) character file.

1109 Kenran the Carver (level 7, -1/57 HPs)
             Began as a Minotaur Fighter on June 19, 2014.
             Slain by Eustachio
             ... wielding a +0,+1 falchion of distortion
              (17 damage)
             ... on Level 4 of the Dungeon.
             The game lasted 00:10:34 (3127 turns).

Kenran the Carver (Minotaur Fighter)                Turns: 3127, Time: 00:10:34

HP  -1/57        AC 10     Str 21      XL: 7   Next: 84%
MP   3/3         EV  6     Int  1 (5)  God:
Gold 187         SH 19     Dex 11      Spells:  0 memorised,  6 levels left

rFire  . . .     SeeInvis .     a - +0,+1 long sword
rCold  + + .     Clarity  .     b - +0 scale mail
rNeg   + . .     Conserve .     c - +0 shield
rPois  .         rCorr    .     (helmet restricted)
rElec  .         rRot     .     t - +2 cloak of Oblivion {rC+}
SustAb . .       Spirit   .     (no gloves)
rMut   .         Warding  .     (no boots)
Saprov . . .     Stasis   .     (no amulet)
MR     .....                    s - ring of protection from cold
                                r - ring of positive energy

@: not resistant to hostile enchantments, extremely unstealthy
A: retaliatory headbutt, horns 2
a: no special abilities


You were on level 4 of the Dungeon.
You were not hungry.

You visited 1 branch of the dungeon, and saw 5 of its levels.

You collected 187 gold pieces.

Inventory:

Hand weapons
 a - a +0,+1 long sword (weapon)
 k - a +0,+0 falchion
Armour
 b - a +0 scale mail (worn)
 c - a +0 shield (worn)
 t - the +2 cloak of Oblivion (worn) {rC+}
   (You found it on level 4 of the Dungeon)

   It protects you from cold.
Comestibles
 d - 3 bread rations
 m - 2 apples
Scrolls
 i - 4 scrolls of teleportation
 o - 3 scrolls of fear
Jewellery
 r - a ring of positive energy (left hand)
 s - a ring of protection from cold (right hand)
 v - an uncursed ring of ice
Potions
 e - 2 potions of might
 f - 2 potions of flight
 g - 3 potions of degeneration
 h - a potion of agility {unknown}
 n - a potion of curing {unknown}
 p - a potion of heal wounds {unknown}
 q - 2 potions of mutation {unknown}
 u - 2 potions of poison {unknown}
Books
 j - a Grand Grimoire {highlevel, unknown}

   This book is beyond your current level of understanding.

   Spells                             Type                      Level
   Aura of Abjuration                 Summoning                    6
   Forceful Dismissal                 Summoning                    6
   Haunt                              Necromancy/Summoning         7
   Summon Greater Demon               Summoning                    7
   Malign Gateway                     Summoning/Translocation      7
   Summon Horrible Things             Summoning                    8


   Skills:
 - Level 3.6 Fighting
 + Level 10.9 Long Blades
 - Level 3.6 Armour
 - Level 3.6 Shields


You had 6 spell levels left.
You didn't know any spells.

Dungeon Overview and Level Annotations

Branches:
Dungeon (5/15)
 Temple: D:4-7

Altars:
Elyvilon
Sif Muna
Trog
Zin
The Shining One

Shops:
D:4 [

Annotations:
D:4 Eustachio
D:5 Sigmund


Innate Abilities, Weirdness & Mutations

You reflexively headbutt those who attack you in melee.
You have a pair of horns on your head.


Message History

Eustachio screams, "This atrocity can only be purified with blood!"
Eustachio casts a spell.
Eustachio mumbles some strange words.
Eustachio gestures wildly while chanting.
Eustachio blinks!
There is a stone staircase leading up here.
Eustachio hits you with a falchion of distortion.
* * * LOW HITPOINT WARNING * * *
You climb upwards.
There is a stone staircase leading down here.
Drink which item? (? for menu, Esc to quit)
There was something very wrong with that liquid!
You feel dopey.
It was a potion of degeneration.
You block Eustachio's attack. Eustachio completely misses you.
You barely miss Eustachio. Your headbutt misses Eustachio.
Eustachio casts a spell.
You closely miss Eustachio. Your headbutt misses Eustachio.
Eustachio hits you but does no damage. Space warps horribly around you!
You die...

...#...#.#.##
########..#.##
.........#...##
..............#
..............#
#..%.........#####
##..........#.#..##
##........#...@#.#
##..........##@##
##..........#.##>#
##.............#.##
#.............#.##
...............##
............#.##
..........##.##
.......##.....#
....%...###..)##


You could see Eustachio.

Vanquished Creatures
  A black bear (D:3)
  An ogre (D:4)
  2 phantoms (D:4)
  The ghost of Kenran the Insei, an average GrMo (D:3)
  An eye of draining (D:4)
  2 orc priests (D:4)
  2 hounds (D:4)
  An orc wizard (D:4)
  2 iguanas (D:4)
  3 worker ants (D:4)
  A gnoll (D:4)
  7 adders
  A giant mite (D:1)
  5 giant geckos
  An ooze (D:3)
  16 orcs
  2 ball pythons
  A bat skeleton (D:4)
  2 giant cockroaches
  15 goblins
  7 hobgoblins
  9 kobolds
  2 quokkas (D:4)
  7 bats
  2 giant newts
  A hobgoblin skeleton (D:4)
  7 rats
102 creatures vanquished.

Vanquished Creatures (others)
  A giant mite (D:3)
1 creature vanquished.

Grand Total: 103 creatures vanquished

Notes
Turn   | Place    | Note
--------------------------------------------------------------
     0 | D:1      | Kenran, the Minotaur Fighter, began the quest for the Orb.
     0 | D:1      | Reached XP level 1. HP: 19/19 MP: 1/1
    35 | D:1      | Reached XP level 2. HP: 26/26 MP: 1/1
   308 | D:1      | Reached skill level 4 in Long Blades
   592 | D:2      | Reached XP level 3. HP: 22/31 MP: 2/2
   937 | D:2      | Reached skill level 5 in Long Blades
  1099 | D:2      | Reached XP level 4. HP: 37/39 MP: 2/2
  1186 | D:3      | Noticed a black bear
  1197 | D:3      | Killed a black bear
  1197 | D:3      | Reached skill level 6 in Long Blades
  1197 | D:3      | Reached XP level 5. HP: 28/45 MP: 2/2
  1352 | D:3      | Noticed Kenran's ghost (average GrMo)
  1374 | D:3      | Killed Kenran's ghost
  1374 | D:3      | Reached skill level 7 in Long Blades
  1691 | D:3      | Found a white marble altar of Elyvilon.
  1710 | D:3      | Reached XP level 6. HP: 46/51 MP: 3/3
  1878 | D:4      | Found Asch's Armour Boutique.
  1880 | D:4      | Found a glowing golden altar of the Shining One.
  1894 | D:4      | Reached skill level 8 in Long Blades
  2114 | D:4      | Got a shimmering cloak
  2115 | D:4      | Identified the +2 cloak of Oblivion {rC+} (You found it on level 4 of the Dungeon)
  2207 | D:4      | Reached skill level 9 in Long Blades
  2207 | D:4      | Reached XP level 7. HP: 44/57 MP: 3/3
  2383 | D:3      | Found a deep blue altar of Sif Muna.
  2383 | D:3      | Found a glowing silver altar of Zin.
  2729 | D:4      | Found a bloodstained altar of Trog.
  2740 | D:4      | Reached skill level 10 in Long Blades
  3088 | D:5      | Entered Level 5 of the Dungeon
  3103 | D:5      | Noticed Sigmund
  3104 | D:5      | Noticed Eustachio
  3127 | D:4      | Slain by Eustachio

Action                   |  1- 3 |  4- 6 |  7- 9 || total
-------------------------+-------+-------+-------++-------
Melee: Long sword        |    71 |   106 |   108 ||   285
  Use: Scroll            |     1 |     9 |     2 ||    12
       Potion            |       |       |     1 ||     1
